 Dungeon Crawl Stone Soup version 0.29.1-1-gd02db6906a (webtiles) character file.

Game seed: 13327746510697413228

586 DemonSlayer the Magician (level 7, -3/48 HPs)
             Began as a Demonspawn Fire Elementalist on Sept 19, 2022.
             Was a Follower of Cheibriados.
             Slain by a water moccasin zombie (5 damage)
             ... in an ossuary.
             The game lasted 00:16:12 (6093 turns).

DemonSlayer the Magician (DsFE)                     Turns: 6093, Time: 00:16:12

Health: -3/48      AC:  7    Str: 10    XL:     7   Next: 15%
Magic:  5/13       EV: 12    Int: 21    God:    Cheibriados [*.....]
Gold:   165        SH:  0    Dex: 15    Spells: 5/15 levels left

rFire   + + .      SeeInvis .   f - +0 short sword (venom)
rCold   . . .      Faith    .   (no shield)
rNeg    . . .      Spirit   .   e - +0 leather armour
rPois   .          Reflect  .   (no helmet)
rElec   .          Harm     .   (no cloak)
rCorr   .          Rampage  .   (no gloves)
Will    .....                   (no boots)
Stlth   ++........              (no amulet)
HPRegen 0.16/turn               (no ring)
MPRegen 0.13/turn               (no ring)

@: very slow
A: molten scales 3, powered by pain 1, fire resistance 1, wild magic 1
a: Renounce Religion, Bend Time


You were in an ossuary.
You worshipped Cheibriados.
Cheibriados was aware of your devotion.
You visited 1 branch of the dungeon, and saw 4 of its levels.
You also visited: Ossuary.

You collected 165 gold pieces.

Inventory:

Hand Weapons
 f - a +0 short sword of venom (weapon)
Missiles
 c - 4 curare-tipped darts
Armour
 e - a +0 leather armour (worn)
 g - an orb of energy
Jewellery
 l - a +4 ring of protection
Wands
 d - a wand of mindburst (12)
 j - a wand of iceblast (7)
Scrolls
 i - a scroll of amnesia


   Skills:
 + Level 1.2 Fighting
 + Level 0.7 Short Blades
 + Level 0.6 Polearms
 + Level 1.6 Armour
 + Level 2.2 Dodging
 + Level 2.2 Stealth
 + Level 4.5 Spellcasting
 + Level 3.1 Conjurations
 + Level 4.2 Fire Magic


You had 5 spell levels left.
You knew the following spells:

 Your Spells              Type           Power      Damage    Failure   Level
a - Foxfire               Conj/Fire      100%       2x1d9     5%          1
b - Scorch                Fire           58%        2d7       7%          2
c - Conjure Flame         Conj/Fire      26%        6-21      14%         3
d - Flame Wave            Conj/Fire      26%        2d8       41%         4

Your spell library contained the following spells:

 Spells                   Type           Power      Damage    Failure   Level
 Sting                    Tmut/Pois      24%        1d4       22%         1
 Inner Flame              Hex/Fire       17%        N/A       26%         3
 Poisonous Vapours        Pois/Air       12%        N/A       30%         2
 Olgreb's Toxic Radiance  Pois           6%         N/A       88%         4
 Conjure Ball Lightning   Conj/Air       7%         3x3d6     100%        6
 Discord                  Hex            3%         N/A       100%        8
 Disjunction              Tloc           3%         N/A       100%        8


Dungeon Overview and Level Annotations

Branches:
Dungeon (4/15)            Ossuary (1/1)
 Temple: D:4-7

Altars:
Ashenzari
Cheibriados
Xom

Annotations:
D:3 1 runed translucent door, Crazy Yiuf


Innate Abilities, Weirdness & Mutations

You are completely covered in molten scales. (AC +4, rF+)
You sometimes gain a little power by taking damage.
Your flesh is heat resistant. (rF+)
Your spells are a little harder to cast, but a little more powerful.


Message History

The orc zombie hits you but does no damage.
You hit the water moccasin zombie.
The water moccasin zombie is almost destroyed.
The water moccasin zombie bites you but does no damage. x2
You hit the water moccasin zombie.
You destroy the water moccasin zombie!
Cheibriados thoroughly appreciates the change of pace.
You can now bend time to slow others.
Cheibriados raises the support of your attributes as your movement slows.
The orc zombie hits you but does no damage.
The water moccasin zombie barely misses you.
The orc zombie attacks as you move away!
The orc zombie hits you but does no damage.
The orc zombie hits you but does no damage.
The water moccasin zombie attacks as you move away!
The water moccasin zombie closely misses you.
There is an open door here.
The orc zombie attacks as you move away!
The orc zombie hits you but does no damage.
The water moccasin zombie barely misses you.
The water moccasin zombie completely misses you.
There is an open door here.
The water moccasin zombie attacks as you move away!
The water moccasin zombie barely misses you.
The water moccasin zombie bites you.
* * * LOW HITPOINT WARNING * * *
The water moccasin zombie attacks as you move away!
The water moccasin zombie closely misses you.
The water moccasin zombie attacks as you move away!
The water moccasin zombie bites you.
* * * LOW HITPOINT WARNING * * *
The water moccasin zombie bites you.
* * * LOW HITPOINT WARNING * * *
The water moccasin zombie attacks as you move away!
The water moccasin zombie closely misses you.
The water moccasin zombie misses you.
The water moccasin zombie attacks as you move away!
The water moccasin zombie barely misses you.
The water moccasin zombie bites you.
You die...

#...'...'....'...#
#...#...#....#...#
#...#...#....#...'
##'###############
#...# # #Z..# #
#Z..# # #Z..# #
#@### # #...# #
#...# # #...# #
#...# # ##'## #
#...# #...#####
### #...#...#!???#
#


You could see a water moccasin zombie, a gnoll zombie and an orc zombie.

Vanquished Creatures
  6 water moccasin zombies (Ossuary)
  A hound (D:4)
  An iron imp (D:3)
  2 orc wizards (D:3)
  A mummy (D:4)
  2 adders
  5 adder zombies (Ossuary)
  A worm (D:2)
  3 dart slugs
  7 orcs (D:3)
  11 ball pythons
  3 endoplasms (D:1)
  A giant cockroach (D:2)
  A gnoll zombie (Ossuary)
  4 goblins
  6 hobgoblins
  2 quokkas
  7 bats
  2 frilled lizards (D:2)
  A goblin zombie (D:4)
  4 hobgoblin zombies
  10 kobolds
  3 kobold zombies (Ossuary)
  3 orc zombies (Ossuary)
  4 rats
91 creatures vanquished.

Vanquished Creatures (others)
  374 foxfires
374 creatures vanquished.

Grand Total: 465 creatures vanquished

Notes
Turn   | Place    | Note
-------+----------+-------------------------------------------
     0 | D:1      | DemonSlayer the Demonspawn Fire Elementalist began the
                  | quest for the Orb.
     0 | D:1      | Reached XP level 1. HP: 13/13 MP: 3/3
   341 | D:1      | Gained mutation: You are partially covered in molten
                  | scales. (AC +2) [demonic ancestry]
   341 | D:1      | Reached XP level 2. HP: 19/19 MP: 1/5
   344 | D:1      | Learned a level 2 spell: Scorch
  1446 | D:1      | Reached XP level 3. HP: 24/24 MP: 3/6
  1540 | D:1      | Found a faded altar of an unknown god.
  1643 | D:1      | Learned a level 3 spell: Conjure Flame
  3216 | D:3      | Gained mutation: You are mostly covered in molten scales.
                  | (AC +3) [demonic ancestry]
  3216 | D:3      | Reached XP level 4. HP: 30/30 MP: 6/8
  3272 | D:3      | Gained mutation: Your flesh is heat resistant. (rF+)
                  | [potion of mutation]
  3272 | D:3      | Gained mutation: Your spells are a little harder to cast,
                  | but a little more powerful. [potion of mutation]
  3536 | D:3      | Found a shimmering altar of Xom.
  3913 | D:3      | Found a runed translucent door.
  3914 | D:3      | Noticed Crazy Yiuf
  3940 | D:3      | Reached XP level 5. HP: 35/35 MP: 5/10
  4192 | D:3      | Found a snail-covered altar of Cheibriados.
  4280 | D:3      | Found a broken altar of Ashenzari.
  4444 | D:3      | Became a worshipper of Cheibriados the Contemplative
  4697 | D:4      | Found a sand-covered staircase.
  4714 | Ossuary  | Entered an ossuary
  5306 | Ossuary  | Reached skill level 1 in Armour
  5306 | Ossuary  | Gained mutation: You are completely covered in molten
                  | scales. (AC +4, rF+) [demonic ancestry]
  5306 | Ossuary  | Reached XP level 6. HP: 41/41 MP: 2/11
  5811 | Ossuary  | Reached skill level 1 in Fighting
  5811 | Ossuary  | Gained mutation: You sometimes gain a little power by
                  | taking damage. [demonic ancestry]
  5811 | Ossuary  | Reached XP level 7. HP: 35/48 MP: 2/13
  6018 | Ossuary  | Learned a level 4 spell: Flame Wave
  6081 | Ossuary  | Reached * piety under Cheibriados
  6091 | Ossuary  | HP: 2/48 [water moccasin zombie (6)]
  6093 | Ossuary  | Slain by a water moccasin zombie

Illustrated notes

Levels and vault maps discovered:
D:1:      dpeg_arrival_simpleton_b, layout_loops_ring,
          shapermc_ecumenical_altar_mp_ritualfount,
          nicolae_kite_square_tiling_tiny
D:2:      layout_basic, dk_noncrumbling_4
D:3:      layout_loops_cross, mainiacjoe_overflow_24_doors,
          general_overflow_altar, slow_altar_2, uniq_crazy_yiuf_cottage
D:4:      layout_loops_corners, gammafunk_temple_overflow_arena,
          nicolae_ossuary_entry_giza
Ossuary:  ossuary_tomb_2

Skill      XL: |  1  2  3  4  5  6 |
---------------+-------------------+-----
Stealth        | 2 |  2.2
Fire Magic     | 3 4 |  4.2
Spellcasting   | 3 4 |  4.5
Conjurations   | 2 3 |  3.1
Dodging        | 2 |  2.2
Armour         | 1 |  1.6
Fighting       | 1 |  1.2
Short Blades   | |  0.7
Polearms       | |  0.6

Action                   |  1- 3 |  4- 6 |  7- 9 || total
-------------------------+-------+-------+-------++-------
Melee: Unarmed           |    19 |       |       ||    19
       Spear             |    37 |    36 |       ||    73
       Punch             |     2 |     1 |       ||     3
       Short sword       |       |    38 |    21 ||    59
Throw: Dart              |       |     3 |       ||     3
 Cast: Foxfire           |   136 |    74 |    13 ||   223
       Scorch            |       |    20 |     6 ||    26
Evoke: Wand              |       |     4 |       ||     4
  Use: Potion            |       |     6 |       ||     6
       Scroll            |       |     3 |       ||     3
 Stab: Sleeping          |     1 |       |       ||     1
Armor: Robe              |     5 |       |       ||     5
       Leather armour    |     5 |    46 |    31 ||    82
       Skin              |       |    15 |       ||    15
Dodge: Dodged            |    42 |    63 |    33 ||   138
